Cogmind - Beta 17 @@@ ROGUE MODE // 2026.07.03 @ 14:23:12 // Winter2019/RPGLIKE Player: Willow Result: Destroyed by B-75 Beast with Magnetic Acceleration Cannon Performance ------------- Evolutions (5) 2500 Regions Visited (17) 3400 Robots Destroyed (336) 1680 Value Destroyed (13683) 13683 Prototype IDs (57) 1140 Alien Tech Used (0) 0 Bonus (5254) 5254 TOTAL SCORE: 27657 Bonus ------- High Alert Combat Kills 1742 Follower Combat Kills 228 Hunted by Unchained 500 Entered Garrisons 200 Registered with UFD 300 Met Optimus in HQ 500 Met Warlord at Base 500 MAIN.C Attacked Warlord 500 Warlord Defense Kills 908 Friendly Fire -124 Cogmind --------- Core Integrity 0/900 Matter 336/350 Energy 750/750 System Corruption 0% Temperature Cool (12) Movement Treading (170) Location -5/Warlord Parts ------- > --- POWER (2) -------- Vortex Chain Reactor > --- PROPULSION (3) --- Armored Medium Treads Armored Medium Treads Wheel > --- UTILITY (11) ----- Experimental Sensor Array Experimental Signal Interpreter Advanced Targeting Computer Advanced Targeting Computer Experimental Core Analyzer Improved Weapon Cycler System Mapper Advanced System Shield Authchip [Weapon] Tech Extrapolator Improved System Restoration Module > --- WEAPON (4) ------- KE Penetrator KE Penetrator Hypervelocity Coil Gun Enhanced Coil Gun > --- INVENTORY (5) ---- Protomatter-74 Protomatter-63 Authchip [Propulsion] Authchip [Device] Cooled Plasma Cannon Peak State ------------ > --- POWER ------------ Vortex Chain Reactor > --- PROPULSION ------- Armored Medium Treads Armored Medium Treads Wheel > --- UTILITY ---------- Experimental Sensor Array Experimental Signal Interpreter Advanced Targeting Computer Advanced Targeting Computer Experimental Core Analyzer Improved Weapon Cycler System Mapper Advanced System Shield Authchip [Weapon] Tech Extrapolator Improved System Restoration Module > --- WEAPON ----------- Cooled Plasma Cannon KE Penetrator Hypervelocity Coil Gun Enhanced Coil Gun > --- INVENTORY -------- Protomatter Protomatter Authchip [Propulsion] Authchip [Device] KE Penetrator [Rating: 128] Favorites ----------- Power Light Angular Momentum Engine Engine Light Angular Momentum Engine Reactor Vortex Chain Reactor Propulsion Wheel Treads Armored Medium Treads Wheel Wheel Utility Advanced Targeting Computer Device Experimental Sensor Array Storage High-capacity Matter Pod Processor Advanced Targeting Computer Hackware Advanced System Shield Protection Hardened Medium Armor Plating Weapon Precision Assault Rifle Energy Gun EM Pulse Gun Energy Cannon Cooled Plasma Cannon Ballistic Gun Precision Assault Rifle Launcher Improved Grenade Launcher Special Weapon CPS Tube Build | -11 -10 -10 -9 -9 -9 -8 -8 -8 -8 -7 -7 -7 -7 -5 -5 -5 -5 ------- Run | Yrd Mat Min Mat Min Exi Min Mat Gar Mat Fac Sto Rec Scr Fac Upp Upp War Slots Evolved 16 | 3 2 1 2 . . . 1 . 2 1 . 1 . 1 1 . 1 Power 1 | . . . . . . . . . . . . . . . . . 1 Propulsion 2 | 1 . 1 . . . . . . . . . . . . . . . Utility 10 | 1 1 . 2 . . . . . 2 1 . 1 . 1 1 . . Weapon 3 | 1 1 . . . . . 1 . . . . . . . . . . Parts Attached 88 | 6 7 5 9 2 . 5 8 3 1 5 3 1 5 21 1 . 6 Power 9 | 1 . 1 3 . . 2 . . . . . . . 1 . . 1 Engine 8 | 1 . 1 3 . . 2 . . . . . . . 1 . . . Core . | . . . . . . . . . . . . . . . . . . Reactor 1 | . . . . . . . . . . . . . . . . . 1 Propulsion 10 | 2 . 2 1 1 . . . 1 . . 1 . . 2 . . . Treads 9 | 1 . 2 1 1 . . . 1 . . 1 . . 2 . . . Leg . | . . . . . . . . . . . . . . . . . . Wheel 1 | 1 . . . . . . . . . . . . . . . . . Hover . | . . . . . . . . . . . . . . . . . . Flight . | . . . . . . . . . . . . . . . . . . Utility 40 | 1 2 1 3 1 . 2 3 . 1 5 . 1 3 11 1 . 5 Device 15 | 1 . . . 1 . . . . . 2 . . 1 8 . . 2 Storage 3 | . . . . . . . . . . 1 . . . 1 . . 1 Processor 13 | . 2 1 1 . . 2 2 . 1 1 . . 1 1 . . 1 Hackware 6 | . . . . . . . . . . 1 . 1 1 1 1 . 1 Protection 3 | . . . 2 . . . 1 . . . . . . . . . . Artifact . | . . . . . . . . . . . . . . . . . . Weapon 29 | 2 5 1 2 . . 1 5 2 . . 2 . 2 7 . . . Energy Gun 3 | 1 2 . . . . . . . . . . . . . . . . Energy Cannon 7 | . . . 1 . . 1 . 1 . . 2 . . 2 . . . Ballistic Gun 14 | 1 2 1 1 . . . 5 . . . . . . 4 . . . Ballistic Cannon . | . . . . . . . . . . . . . . . . . . Launcher 3 | . 1 . . . . . . 1 . . . . 1 . . . . Special Weapon 2 | . . . . . . . . . . . . . 1 1 . . . Impact Weapon . | . . . . . . . . . . . . . . . . . . Slashing Weapon . | . . . . . . . . . . . . . . . . . . Piercing Weapon . | . . . . . . . . . . . . . . . . . . Special Melee Weapon . | . . . . . . . . . . . . . . . . . . Unidentified Prototypes 18 | . . . 2 1 . . 2 . . . 2 . . 5 . . 6 Parts Lost 1 | . . . 1 . . . . . . . . . . . . . . Power . | . . . . . . . . . . . . . . . . . . Propulsion . | . . . . . . . . . . . . . . . . . . Utility . | . . . . . . . . . . . . . . . . . . Weapon 1 | . . . 1 . . . . . . . . . . . . . . Highest Loss Streak 1 | . . . 1 . . . . . . . . . . . . . . To Critical Strikes . | . . . . . . . . . . . . . . . . . . Average Backups 2 | . . 1 2 2 2 2 2 2 2 2 2 2 1 2 3 3 3 Power . | . . . . . . . . . . . . . . . . . . Propulsion . | . . . . . . . . . . . . . . . . . . Utility 1 | . . . 1 1 1 1 1 1 1 1 1 1 1 2 2 2 2 Weapon . | . . 1 1 1 1 1 1 1 1 1 1 1 . . 1 1 1 Tool/Special . | . . . . . . . . . . . . . . . . . . Unused Backups 3 | . . . . . . 1 . . . . . . . . . . 2 Power . | . . . . . . . . . . . . . . . . . . Propulsion . | . . . . . . . . . . . . . . . . . . Utility 2 | . . . . . . . . . . . . . . . . . 2 Weapon 1 | . . . . . . 1 . . . . . . . . . . . Tool/Special . | . . . . . . . . . . . . . . . . . . Average Slot Usage (%) 98 | . 97 97 90 99 100 100 99 100 92 98 100 100 99 99 100 100 97 Engine 6 | . 12 10 8 8 8 8 7 7 6 6 6 5 5 5 5 5 2 Treads 12 | . 12 16 16 16 16 16 15 15 13 12 12 11 11 11 10 10 10 Wheel 6 | . 12 10 8 8 8 8 7 7 6 6 6 5 5 5 5 5 5 Device 13 | . 12 10 8 15 16 8 7 7 6 12 12 11 11 16 21 21 17 Storage 1 | . . . . . . . . . . 4 6 5 5 2 . . . Processor 23 | . 15 20 16 16 16 24 24 23 23 25 25 23 23 26 26 26 25 Hackware 5 | . . . . . . . . . . . 6 9 11 7 8 10 12 Protection 2 | . . . 5 8 8 8 7 7 6 4 . . . . . . . Energy Cannon 4 | . . . 7 8 8 8 7 6 6 6 6 5 2 4 . . . Ballistic Gun 18 | . 18 30 17 16 16 16 18 18 20 18 18 17 17 15 21 20 19 Peak Build Rating 128 | 6 11 14 22 31 31 35 47 52 55 65 68 71 77 99 103 103 128 Average Rating 65 | 4 8 11 18 30 31 33 40 50 53 61 67 70 73 90 102 103 115 On Entrance 49 | . 6 11 12 21 31 31 35 47 51 55 65 68 71 75 99 103 103 Avg Prop Armor Cover (%) 13 | 9 10 13 14 12 12 11 11 10 10 12 12 12 13 14 15 15 15 Naked Turns . | . . . . . . . . . . . . . . . . . . Heaviest Build 71 | 8 10 15 27 28 28 30 35 40 40 42 38 38 38 47 42 45 71 Greatest Support 68 | 20 20 20 43 46 10 56 56 63 63 20 68 68 20 64 64 64 20 Greatest Overweight (x) 3 | 1 . 1 2 2 2 2 1 3 1 2 1 1 1 2 2 2 3 Average Overweight (x) 1 | . . . 1 1 2 1 . 1 . 1 . . 1 1 1 1 2 Largest Inventory Capacity 5 | 1 1 2 2 2 2 3 3 3 4 4 4 4 4 5 5 5 5 Average Capacity 3 | 1 1 1 2 2 2 2 3 3 3 4 4 4 4 4 5 5 5 Most Carried 5 | . 1 2 2 2 2 3 3 3 4 4 4 4 4 5 5 5 5 Average Carried 3 | . . 1 2 2 2 2 2 3 3 3 4 4 3 4 4 4 5 Final Capacity 5 | 1 1 2 2 2 2 3 3 3 4 4 4 4 4 5 5 5 5 Final Carried 5 | . 1 2 2 2 2 2 3 3 4 4 4 4 4 5 4 5 5 Class Distribution -------------------- 72% | Hacker-Gunner 10% | Commander-Gunner 5% | Scavenger-Gunner 5% | Wizard-Gunner Dominant Class ---------------- Mutant | -10/Materials Scavenger-Gunner | -10/Mines Hacker-Gunner | -9/Materials Hacker-Gunner | -9/Mines Hacker-Gunner | -9/Exiles Hacker-Gunner | -8/Mines Hacker-Gunner | -8/Materials Hacker-Gunner | -8/Garrison Hacker-Gunner | -8/Materials Hacker-Gunner | -7/Factory Hacker-Gunner | -7/Storage Hacker-Gunner | -7/Recycling Commander-Gunner | -7/Scraptown Hacker-Gunner | -5/Factory Hacker-Gunner | -5/Upper Caves Hacker-Gunner | -5/Upper Caves Wizard-Gunner | -5/Warlord Resources | -11 -10 -10 -9 -9 -9 -8 -8 -8 -8 -7 -7 -7 -7 -5 -5 -5 -5 ----------- Run | Yrd Mat Min Mat Min Exi Min Mat Gar Mat Fac Sto Rec Scr Fac Upp Upp War Matter Collected 6992 | 266 424 186 543 68 . 274 569 432 578 440 381 209 197 1302 452 394 277 Remotely . | . . . . . . . . . . . . . . . . . . Salvage Created 14250 | 114 735 282 1541 148 . 701 1526 1308 1145 788 405 753 207 2412 1193 662 330 Parts 823 | 4 58 18 99 8 . 39 84 76 78 52 36 26 29 108 54 44 10 Haulers Intercepted 11 | . 2 . 5 . . . 3 . . . . . . 1 . . . Recyclers Shooed 5 | . 1 . . 1 . 1 . . 1 . . 1 . . . . . Parts Field Recycled . | . . . . . . . . . . . . . . . . . . Retrieved Matter . | . . . . . . . . . . . . . . . . . . Parts Self-Destructed 103 | . . . . . . . . . . . . . . . 54 49 . Prevented . | . . . . . . . . . . . . . . . . . . Parts Restored . | . . . . . . . . . . . . . . . . . . Kills | -11 -10 -10 -9 -9 -9 -8 -8 -8 -8 -7 -7 -7 -7 -5 -5 -5 -5 ------- Run | Yrd Mat Min Mat Min Exi Min Mat Gar Mat Fac Sto Rec Scr Fac Upp Upp War Combat Hostiles Destroyed 295 | . 23 6 29 4 . 15 31 32 27 16 13 6 10 39 21 16 7 Guns 198 | . 19 6 13 2 . 6 19 13 20 5 6 5 5 35 21 16 7 Cannons 74 | . . . 16 2 . 9 12 8 7 10 6 1 . 3 . . . AOE 20 | . 4 . . . . . . 11 . . . . 5 . . . . Classes Destroyed 23 | 2 6 1 1 . . 1 2 . 2 1 . 1 5 . . . 1 Worker 11 | . . . 4 . . . . . 3 . . . . 4 . . . Builder 3 | . 1 . . . . . 2 . . . . . . . . . . Tunneler 3 | 1 . . . . . 1 1 . . . . . . . . . . Hauler 11 | . 2 . 5 . . . 3 . . . . . . 1 . . . Recycler 6 | 1 . . . . . 1 . . 1 1 . . . 2 . . . Mechanic 1 | . 1 . . . . . . . . . . . . . . . . Operator 2 | . . . . . . . . . 1 . . . . 1 . . . Watcher 4 | . 2 . . . . . . . . . . . . 2 . . . Swarmer 50 | . 8 . 2 . . 6 3 12 2 . . . . 9 6 2 . Grunt 146 | . 15 4 18 4 . 8 18 14 18 9 2 . . 17 9 7 3 Brawler 6 | . . . . . . 1 . . . . 1 1 . 1 . 1 1 Duelist 9 | . . . . . . . 1 . 1 1 . 1 . 1 2 2 . Protector 2 | . . . . . . . . . 1 . . . . . . . 1 Sentry 52 | . . 2 9 . . . 8 6 5 4 9 3 . 2 2 2 . Demolisher 2 | . . . . . . . . . . . . 1 . . . . 1 Hunter 4 | . . . . . . . 1 . . . . . . . 1 2 . Programmer 13 | . . . . . . . . . . 2 1 . . 9 1 . . Executioner 1 | . . . . . . . . . . . . . . . . . 1 Explorer 1 | . . . . . . . . . . . . . 1 . . . . Ranger 1 | . . . . . . . . . . . . . 1 . . . . Guru 3 | . . . . . . . . . . . . . 3 . . . . Scientist 1 | . . . . . . . . . . . . . 1 . . . . Scrapper 5 | . . . . . . . . . . . . . 5 . . . . Best Kill Streak 12 | 2 8 2 9 2 . 5 7 10 6 7 2 3 10 6 7 12 5 Combat Bots Only 12 | . 6 2 5 2 . 3 7 10 6 6 2 3 10 5 7 12 5 Max Kills in Single Turn 4 | 1 3 1 3 1 . 2 2 4 2 2 1 1 3 2 3 2 2 Gunslinging 2 | . 1 . . . . . . 1 1 . . . . . 2 1 1 Exploded 4 | . 2 . . . . . . 4 . . . . 3 . . . . Melee . | . . . . . . . . . . . . . . . . . . Uniques/NPCs Destroyed . | . . . . . . . . . . . . . . . . . . Combat | -11 -10 -10 -9 -9 -9 -8 -8 -8 -8 -7 -7 -7 -7 -5 -5 -5 -5 -------- Run | Yrd Mat Min Mat Min Exi Min Mat Gar Mat Fac Sto Rec Scr Fac Upp Upp War Hostile Shots Fired 867 | . 102 21 68 7 . 48 84 62 49 64 110 3 25 110 30 26 58 Missed 269 | . 28 10 23 1 . 19 21 15 17 21 49 . 7 32 6 9 11 Hits 598 | . 74 11 45 6 . 29 63 47 32 43 61 3 18 78 24 17 47 Melee 5 | . . . . . . . . . . 2 . 3 . . . . . Projectile 593 | . 74 11 45 6 . 29 63 47 32 41 61 . 18 78 24 17 47 AOE 4 | . . . . . . . . . . . . . . . . . 4 Critical Strikes 23 | . 1 . . . . 2 5 1 2 1 . . 2 5 2 . 2 Damage Taken 8302 | . 898 163 564 71 . 382 999 668 479 391 214 109 266 1262 279 197 1360 Core 6338 | . 720 129 417 49 . 278 708 487 333 277 152 86 216 1005 222 149 1110 Absorbed by Shields 902 | . . . . . . . . . . 40 232 . 72 324 132 102 . Redirected to Core 5362 | . 581 112 391 39 . 244 545 411 304 247 128 86 184 845 196 149 900 Ignored by Resistances 480 | . . . . . . 18 70 47 32 38 58 . 25 63 28 20 81 Regen/Repaired (Parts) 14 | . 4 . . . . . 1 . . . . . 2 7 . . . Core Remaining (%) 89 | 100 . 100 . . . 84 . . 100 . . . 64 . . . . Volleys Fired 665 | 2 83 14 64 8 . 29 70 63 47 36 39 15 9 125 26 22 13 Largest 4 | 2 3 3 3 3 . 3 4 4 4 4 4 4 4 4 4 4 4 Hottest 191 | 60 100 60 114 114 . 121 156 177 166 166 166 116 120 191 131 131 131 Shots Fired 1906 | 4 175 42 192 24 . 87 198 148 173 113 114 56 23 316 104 88 49 Gun 1474 | 4 170 42 141 16 . 58 130 86 139 77 75 41 18 237 104 88 48 Cannon 415 | . . . 51 8 . 29 68 56 34 36 39 15 . 78 . . 1 Launcher 15 | . 5 . . . . . . 6 . . . . 4 . . . . Special 2 | . . . . . . . . . . . . . 1 1 . . . Kinetic 1400 | 2 98 42 141 16 . 58 130 86 139 77 75 41 18 237 104 88 48 Thermal 423 | . 8 . 51 8 . 29 68 56 34 36 39 15 . 78 . . 1 Explosive 15 | . 5 . . . . . . 6 . . . . 4 . . . . Electromagnetic 66 | 2 64 . . . . . . . . . . . . . . . . Robot Hit Streak 64 | 2 18 11 23 5 . 21 64 23 37 31 49 25 23 38 27 28 13 Robot Miss Streak 4 | 1 4 4 2 3 . 1 1 1 2 1 1 1 1 1 4 1 1 Penetration Max 2 | . . . . . . . . . . . . . . 1 2 1 2 Secondary Targets 27 | . 2 2 1 . . . . 2 2 . . . . 8 3 3 4 Max Gunslinging Chain 2 | . 1 1 1 . . . . 1 1 . . . . 1 2 1 2 Shots Hit Robots 1233 | 2 116 27 121 13 . 58 135 85 127 60 70 34 14 202 67 62 40 Core Hits 600 | 2 48 14 55 8 . 28 64 45 51 27 26 18 18 95 43 36 22 Critical Kills 24 | . . . . . . . 1 . . 1 1 . . 6 5 5 5 Critical Parts Destroyed 18 | . . . . . . . . . . . . . . 8 4 3 3 Critical Strikes 46 | . 2 . . . . . 1 . . 1 1 . . 14 9 8 10 Meltdown 3 | . . . . . . . . . . 1 1 . . 1 . . . Destroy 41 | . . . . . . . 1 . . . . . . 13 9 8 10 Corrupt 2 | . 2 . . . . . . . . . . . . . . . . Melee Attacks . | . . . . . . . . . . . . . . . . . . Impact . | . . . . . . . . . . . . . . . . . . Slashing . | . . . . . . . . . . . . . . . . . . Piercing . | . . . . . . . . . . . . . . . . . . Sneak Attacks . | . . . . . . . . . . . . . . . . . . Combat Hostiles . | . . . . . . . . . . . . . . . . . . Follow-up Attacks . | . . . . . . . . . . . . . . . . . . Damage Inflicted 29473 | 30 1850 337 2235 223 . 1219 3009 2881 3101 1561 1863 888 875 4931 1811 1572 1087 Guns 19432 | 30 1512 337 1318 114 . 523 1579 1222 2006 794 1032 457 192 3856 1811 1572 1077 Cannons 8163 | . . . 917 109 . 657 1418 954 1046 758 831 431 . 1042 . . . Explosions 1739 | . 338 . . . . . . 705 . . . . 683 13 . . . Melee . | . . . . . . . . . . . . . . . . . . Ramming 139 | . . . . . . 39 12 . 49 9 . . . 20 . . 10 Kinetic 18727 | 15 822 337 1318 114 . 523 1579 1222 2006 794 1032 457 192 3856 1811 1572 1077 Thermal 8565 | . 402 . 917 109 . 657 1418 954 1046 758 831 431 . 1042 . . . Explosive 1388 | . . . . . . . . 705 . . . . 683 . . . . Electromagnetic 654 | 15 626 . . . . . . . . . . . . 13 . . . Impact . | . . . . . . . . . . . . . . . . . . Slashing . | . . . . . . . . . . . . . . . . . . Piercing . | . . . . . . . . . . . . . . . . . . Highest Corruption 3 | . 1 1 . . . . 2 2 2 3 3 3 . 3 . . . Average Corruption 2 | . 1 1 . . . . 2 2 2 2 3 3 . 2 . . . Corruption Purged 7 | . . . . . . . . . . . . . . 7 . . . Corruption Blocked . | . . . . . . . . . . . . . . . . . . Effects 84 | . . 2 . . . . 9 10 9 7 16 16 . 15 . . . Message Errors 20 | . . . . . . . 4 3 2 1 1 7 . 2 . . . Matter Fused 21 | . . 2 . . . . 2 2 2 3 3 4 . 3 . . . Heat Flow Errors 10 | . . . . . . . 1 1 1 . 2 . . 5 . . . Energy Discharges 10 | . . . . . . . 1 . . 1 5 2 . 1 . . . Parts Rejected 2 | . . . . . . . . . . . 1 1 . . . . . Parts Fused 1 | . . . . . . . . . . . 1 . . . . . . Data Loss (minor) 6 | . . . . . . . . 1 1 . . 1 . 3 . . . Data Loss (major) 7 | . . . . . . . 1 1 2 1 2 . . . . . . Alerts 2 | . . . . . . . . . . . 1 . . 1 . . . Weapon Failures 5 | . . . . . . . . 2 1 1 . 1 . . . . . Overload Shots 1 | . . . . . . . . . . . . . . . . . 1 Overflow Damage 134 | . . . . . . 1 . 52 29 . . . 8 44 . . . Projectiles 118 | . . . . . . 1 . 44 29 . . . . 44 . . . Explosions 16 | . . . . . . . . 8 . . . . 8 . . . . Melee . | . . . . . . . . . . . . . . . . . . Knockbacks . | . . . . . . . . . . . . . . . . . . Impact . | . . . . . . . . . . . . . . . . . . Kinetic . | . . . . . . . . . . . . . . . . . . Secondary . | . . . . . . . . . . . . . . . . . . Self-Inflicted Damage 128 | . 37 . . . . . . 91 . . . . . . . . . Shots 3 | . 1 . . . . . . 2 . . . . . . . . . Rammed 24 | . . . . . . 8 1 . 6 2 . . . 3 . . 4 Targets Rammed 28 | . . . . . . 8 1 . 9 2 . . . 4 . . 4 Kicked . | . . . . . . . . . . . . . . . . . . Crushed 4 | . . . . . . . . . 3 . . . . 1 . . . Highest Temperature 249 | . 156 9 203 . . . 226 41 98 . 71 . . 211 . . 249 Average Temperature 65 | . 72 4 70 . . . 119 21 44 . 59 . . 34 . . 160 Received Heat Transfer 3036 | . 360 93 255 45 . 189 441 306 297 116 79 . 189 206 40 62 358 Siege Activations . | . . . . . . . . . . . . . . . . . . Martial Activations . | . . . . . . . . . . . . . . . . . . Shielding Activations . | . . . . . . . . . . . . . . . . . . Robots Disrupted . | . . . . . . . . . . . . . . . . . . Combat Hostiles . | . . . . . . . . . . . . . . . . . . Robots Corrupted . | . . . . . . . . . . . . . . . . . . Combat Hostiles . | . . . . . . . . . . . . . . . . . . Parts Fried 2 | . 2 . . . . . . . . . . . . . . . . Impact Corruptions . | . . . . . . . . . . . . . . . . . . Robots Melted 3 | . . . . . . . . . . 1 1 . . 1 . . . Combat Hostiles 3 | . . . . . . . . . . 1 1 . . 1 . . . Parts Melted 15 | . . . . 1 . 1 3 . 2 1 2 1 2 2 . . . Heat Transferred 11671 | . 600 . 1554 185 . 999 1998 1110 1164 851 1162 650 . 1398 . . . Parts Sabotaged . | . . . . . . . . . . . . . . . . . . Parts Stolen . | . . . . . . . . . . . . . . . . . . Parts Stripped . | . . . . . . . . . . . . . . . . . . Power Chain Reactions 5 | . 5 . . . . . . . . . . . . . . . . Alert | -11 -10 -10 -9 -9 -9 -8 -8 -8 -8 -7 -7 -7 -7 -5 -5 -5 -5 ------- Run | Yrd Mat Min Mat Min Exi Min Mat Gar Mat Fac Sto Rec Scr Fac Upp Upp War Maximum Alert Level 4 | . 1 . 2 . . . 1 4 4 3 2 1 . 3 . . . Low Security (%) 45 | 100 23 100 49 100 . 100 39 . . . . 40 . 71 . . . Level 1 24 | . 76 . 43 . . . 60 24 . . 40 59 . 5 . . . Level 2 16 | . . . 7 . . . . 6 . 82 59 . . 20 . . . Level 3 8 | . . . . . . . . 27 90 17 . . . 3 . . . Level 4 3 | . . . . . . . . 42 9 . . . . . . . . Level 5 . | . . . . . . . . . . . . . . . . . . High Security . | . . . . . . . . . . . . . . . . . . Max Security . | . . . . . . . . . . . . . . . . . . Peak Influence 1509 | 10 337 139 443 78 . 190 360 1509 1230 766 515 302 . 868 . . . Initial 735 | . . 79 1 77 . . 32 210 735 559 337 155 . . . . . Average 317 | 1 237 85 230 34 . 93 238 952 908 614 408 222 . 165 . . . Influence Increases 9442 | 10 708 140 1017 158 . 360 1008 1339 803 535 528 348 . 1416 470 477 125 Destroy 0b10 Robot/C 6040 | . 460 120 640 100 . 300 620 800 520 320 340 120 . 780 420 380 120 Destroy 0b10 Robot/NC 275 | 10 30 . 50 . . 10 30 15 30 5 . 25 . 50 10 5 5 Destroy Leader 1122 | . 108 20 172 20 . 50 166 30 140 90 120 . . 146 40 20 . Allied During Kill 143 | . . . 24 8 . . . 42 . . . 12 . . . 57 . Successful Hack 219 | . 19 . 38 . . . 26 8 . 18 10 7 . 93 . . . Select Force Hacks 390 | . 30 . 30 . . . 90 . 60 . . 180 . . . . . Disable Machine 255 | . . . 15 . . . 15 15 . 30 45 . . 135 . . . Anti-Garrison Action 200 | . . . . . . . . 200 . . . . . . . . . Destroy Structure 348 | . 46 . 3 . . . 16 109 8 27 13 4 . 122 . . . Partial Spotted 15 | . . . . . . . . . . 15 . . . . . . . Lose Combat Pursuer 435 | . 15 . 45 30 . . 45 120 45 30 . . . 90 . 15 . Influence Decreases 9346 | 10 504 339 823 357 . 276 768 154 1082 1023 871 546 201 549 696 457 690 Entered New Map 3818 | . . 125 4 122 . . 52 114 774 671 405 244 201 . 322 123 661 Time Decay 4528 | 10 354 214 449 235 . 276 416 . 278 342 386 302 . 529 374 334 29 Lost Part 10 | . . . 10 . . . . . . . . . . . . . . Lost Ally 240 | . . . 60 . . . . 40 30 10 80 . . 20 . . . Purge Threat 750 | . 150 . 300 . . . 300 . . . . . . . . . . Squads Dispatched 49 | . 6 . 4 . . . 6 . 8 6 1 . . 17 . 1 . Investigation 31 | . 6 . 3 . . . 5 . 3 5 . . . 9 . . . Extermination 7 | . . . . . . . . . . 1 1 . . 5 . . . Reinforcement 5 | . . . 1 . . . . . 1 . . . . 3 . . . Assault 2 | . . . . . . . . . 1 . . . . . . 1 . Garrison 4 | . . . . . . . 1 . 3 . . . . . . . . Intercept . | . . . . . . . . . . . . . . . . . . Searches Triggered . | . . . . . . . . . . . . . . . . . . Construction Impeded 1 | . . . . . . . . . . . . . . 1 . . . Haulers Reinforced . | . . . . . . . . . . . . . . . . . . Active Scanning Responses . | . . . . . . . . . . . . . . . . . . Cargo Convoy Interrupts . | . . . . . . . . . . . . . . . . . . Stealth | -11 -10 -10 -9 -9 -9 -8 -8 -8 -8 -7 -7 -7 -7 -5 -5 -5 -5 --------- Run | Yrd Mat Min Mat Min Exi Min Mat Gar Mat Fac Sto Rec Scr Fac Upp Upp War Distress Signals 19 | . 3 . 3 . . . 5 . 3 . 2 . . 2 . . 1 Communications Jammed 5 | . . . . . . . . . . 5 . . . . . . . Distress Signals 5 | . . . . . . . . . . 5 . . . . . . . Times Spotted 425 | . 30 6 43 7 . 15 46 40 38 22 18 2 16 55 21 20 46 Peak Tracking Total 17 | . 8 2 7 3 . 3 7 5 5 5 3 2 8 4 7 10 17 Tactical Retreats 23 | . 2 . 2 1 . . 2 5 3 2 . . . 5 . 1 . Traps | -11 -10 -10 -9 -9 -9 -8 -8 -8 -8 -7 -7 -7 -7 -5 -5 -5 -5 ------- Run | Yrd Mat Min Mat Min Exi Min Mat Gar Mat Fac Sto Rec Scr Fac Upp Upp War Traps Triggered 10 | . 3 . . . . . 1 2 1 . . . . 3 . . . Indirectly . | . . . . . . . . . . . . . . . . . . Trap Hack Attempts . | . . . . . . . . . . . . . . . . . . Triggered . | . . . . . . . . . . . . . . . . . . Disarmed . | . . . . . . . . . . . . . . . . . . Reprogrammed . | . . . . . . . . . . . . . . . . . . Reused . | . . . . . . . . . . . . . . . . . . Traps Extracted . | . . . . . . . . . . . . . . . . . . Installed . | . . . . . . . . . . . . . . . . . . Triggered . | . . . . . . . . . . . . . . . . . . Machines | -11 -10 -10 -9 -9 -9 -8 -8 -8 -8 -7 -7 -7 -7 -5 -5 -5 -5 ---------- Run | Yrd Mat Min Mat Min Exi Min Mat Gar Mat Fac Sto Rec Scr Fac Upp Upp War Machines Disabled 25 | . . . 2 . . . 1 5 . 2 3 . 1 9 . 1 1 Max in Single Turn 4 | . . . 1 . . . 1 1 . 1 1 . 1 4 . 1 1 Garrison Access 4 | . . . . . . . . . . 1 1 . . 2 . . . Garrison Relay 3 | . . . . . . . . 3 . . . . . . . . . Machines Repaired . | . . . . . . . . . . . . . . . . . . Machines Dismantled . | . . . . . . . . . . . . . . . . . . Machines Sabotaged . | . . . . . . . . . . . . . . . . . . Overloaded Fab Kills . | . . . . . . . . . . . . . . . . . . Hacking | -11 -10 -10 -9 -9 -9 -8 -8 -8 -8 -7 -7 -7 -7 -5 -5 -5 -5 --------- Run | Yrd Mat Min Mat Min Exi Min Mat Gar Mat Fac Sto Rec Scr Fac Upp Upp War Machines Accessed 123 | . 9 . 14 . 1 . 16 4 8 10 12 12 5 26 2 1 3 Terminals 73 | . 7 . 10 . . . 10 4 6 6 11 6 . 13 . . . Fabricators 9 | . . . . . . . . . . 3 . . . 6 . . . Repair Stations 6 | . 1 . 2 . . . 2 . . . . . . 1 . . . Recycling Units 13 | . 1 . 1 . . . 1 . 1 . . 6 . 3 . . . Scanalyzers 5 | . . . 1 . . . 2 . 1 . . . . 1 . . . Garrison Access 5 | . . . . . . . 1 . . 1 1 . . 2 . . . Total Hacks 389 | . 28 . 39 . 1 . 50 8 28 29 30 23 30 112 4 1 6 Successful 259 | . 20 . 30 . 1 . 36 2 20 18 19 15 30 57 4 1 6 Failed 128 | . 8 . 9 . . . 13 6 8 11 10 8 . 55 . . . Catastrophic 17 | . . . 1 . . . . . 2 2 1 3 . 8 . . . Database Lockouts 2 | . . . . . . . 1 . . . 1 . . . . . . Manual 215 | . 21 . 28 . . . 29 . 23 12 17 20 . 65 . . . Terminals 277 | . 26 . 34 . . . 43 8 26 18 29 17 . 76 . . . Fabricators 30 | . . . . . . . . . . 10 . . . 20 . . . Repair Stations 7 | . 1 . 2 . . . 2 . . . . . . 2 . . . Recycling Units 14 | . 1 . 1 . . . 1 . 1 . . 6 . 4 . . . Scanalyzers 7 | . . . 2 . . . 3 . 1 . . . . 1 . . . Garrison Access 12 | . . . . . . . 1 . . 1 1 . . 9 . . . Terminal Hacks 120 | . 8 . 11 . 1 . 14 2 6 5 12 3 30 17 4 1 6 Record 31 | . . . . . 1 . . . . . . . 23 . 3 . 4 Part Schematic 8 | . . . . . . . . . . 2 1 1 . 4 . . . Robot Analysis 17 | . 3 . 3 . . . 2 . . . 1 . 6 2 . . . Prototype ID Bank 18 | . 1 . 3 . . . 3 . 3 1 2 1 . 4 . . . Open Door 12 | . . . . . . . . 1 . . 6 . 1 . 1 1 2 Branch Access Points 2 | . 1 . . . . . . . . . . . . 1 . . . Emergency Access Points 1 | . . . . . . . . 1 . . . . . . . . . Machine Index 1 | . . . . . . . . . . . . . . 1 . . . Terminal Index 6 | . 1 . 1 . . . 1 . 1 . . 1 . 1 . . . Fabricator Index 1 | . . . . . . . . . . 1 . . . . . . . Recycling Unit Index 3 | . . . . . . . 1 . 1 . 1 . . . . . . Alert Level 11 | . 1 . 2 . . . 3 . . 1 1 . . 3 . . . Unreport Threat 5 | . 1 . 2 . . . 2 . . . . . . . . . . Locate Traps 1 | . . . . . . . . . . . . . . 1 . . . Investigation Status 2 | . . . . . . . 1 . 1 . . . . . . . . Recall Investigation 1 | . . . . . . . 1 . . . . . . . . . . Fabricator Hacks 14 | . . . . . . . . . . 5 . . . 9 . . . Network Status 2 | . . . . . . . . . . 1 . . . 1 . . . Load Schematic 10 | . . . . . . . . . . 3 . . . 7 . . . Build 2 | . . . . . . . . . . 1 . . . 1 . . . Repair Station Hacks 2 | . . . . . . . . . . . . . . 2 . . . Scan Component 1 | . . . . . . . . . . . . . . 1 . . . Repair 1 | . . . . . . . . . . . . . . 1 . . . Recycling Unit Hacks . | . . . . . . . . . . . . . . . . . . Scanalyzer 4 | . . . 2 . . . 1 . . . . . . 1 . . . Retrieve Study 4 | . . . 2 . . . 1 . . . . . . 1 . . . Garrison Access Hacks 5 | . . . . . . . 1 . . 1 1 . . 2 . . . Unlock Access 1 | . . . . . . . 1 . . . . . . . . . . Seal Access 4 | . . . . . . . . . . 1 1 . . 2 . . . Unauthorized Hacks 114 | . 12 . 17 . . . 20 . 14 7 6 12 . 26 . . . Terminals 88 | . 10 . 14 . . . 15 . 12 6 6 6 . 19 . . . Assimilate 6 | . . . . . . . 1 . 2 1 . . . 2 . . . Botnet 18 | . 2 . 3 . . . 3 . 3 . 1 1 . 5 . . . Operators 5 | . 1 . 1 . . . 1 . 1 . . . . 1 . . . Skim 57 | . 5 . 10 . . . 10 . 6 5 5 5 . 11 . . . Sabotage 2 | . 2 . . . . . . . . . . . . . . . . Fabricators 5 | . . . . . . . . . . 1 . . . 4 . . . Recompile 5 | . . . . . . . . . . 1 . . . 4 . . . Repair Stations 5 | . 1 . 2 . . . 2 . . . . . . . . . . Patch 5 | . 1 . 2 . . . 2 . . . . . . . . . . Recycling Units 13 | . 1 . 1 . . . 1 . 1 . . 6 . 3 . . . Tunnel 10 | . 1 . 1 . . . 1 . 1 . . 6 . . . . . Fedlink 3 | . . . . . . . . . . . . . . 3 . . . Scanalyzers 3 | . . . . . . . 2 . 1 . . . . . . . . Extract 3 | . . . . . . . 2 . 1 . . . . . . . . Garrison Access . | . . . . . . . . . . . . . . . . . . Data Cores Recovered 1 | . . . . . . . . . . . . . . 1 . . . Used 1 | . . . . . . . . . . . . . . 1 . . . Hacking Detections 52 | . 6 . 8 . . . 4 4 4 6 3 1 . 16 . . . Full Trace Events 8 | . . . . . . . . 1 1 4 . . . 2 . . . Feedback Events 2 | . . . . . . . . . . 1 . . . 1 . . . Corruption 2 | . . . . . . . . . . 1 . . . 1 . . . Feedback Blocked . | . . . . . . . . . . . . . . . . . . Robot Schematics Acquired . | . . . . . . . . . . . . . . . . . . Robots Built . | . . . . . . . . . . . . . . . . . . Authchips . | . . . . . . . . . . . . . . . . . . Time . | . . . . . . . . . . . . . . . . . . Total Robot Build Rating . | . . . . . . . . . . . . . . . . . . Part Schematics Acquired 47 | . . . . . . . 4 . 6 2 1 1 . 17 7 1 8 Parts Built 3 | . . . . . . . . . . 1 . . . 2 . . . Authchips 1 | . . . . . . . . . . . . . . 1 . . . Time 84 | . . . . . . . . . . 53 . . . 31 . . . Total Part Build Rating 16 | . . . . . . . . . . 6 . . . 10 . . . Part Studies Acquired 4 | . . . 2 . . . 1 . . . . . . 1 . . . Parts Repaired 1 | . . . . . . . . . . . . . . 1 . . . Time 78 | . . . . . . . . . . . . . . 78 . . . Parts Recycled . | . . . . . . . . . . . . . . . . . . Recycled Matter . | . . . . . . . . . . . . . . . . . . Retrieved Matter . | . . . . . . . . . . . . . . . . . . Retrieved Components . | . . . . . . . . . . . . . . . . . . Parts Scanalyzed . | . . . . . . . . . . . . . . . . . . Part Schematics Acquired . | . . . . . . . . . . . . . . . . . . Parts Damaged . | . . . . . . . . . . . . . . . . . . Bothacking | -11 -10 -10 -9 -9 -9 -8 -8 -8 -8 -7 -7 -7 -7 -5 -5 -5 -5 ------------ Run | Yrd Mat Min Mat Min Exi Min Mat Gar Mat Fac Sto Rec Scr Fac Upp Upp War Used RIF Installer . | . . . . . . . . . . . . . . . . . . Robots Hacked 1 | . . . . . . . . . . . . . . 1 . . . Non-combat 1 | . . . . . . . . . . . . . . 1 . . . Combat . | . . . . . . . . . . . . . . . . . . Robot Hacks Applied 1 | . . . . . . . . . . . . . . 1 . . . find_chute 1 | . . . . . . . . . . . . . . 1 . . . Relay Couplers Released 5 | . . . . . . . . 5 . . . . . . . . . Machine Destruction 5 | . . . . . . . . 5 . . . . . . . . . Fabnet Peak Effective % . | . . . . . . . . . . . . . . . . . . Robots Rewired 14 | . . . . . . . . 2 . . . 8 . . 2 2 . Allies Hacked 2 | . . . . . . . . . . 2 . . . . . . . Hacks Repelled . | . . . . . . . . . . . . . . . . . . Allies | -11 -10 -10 -9 -9 -9 -8 -8 -8 -8 -7 -7 -7 -7 -5 -5 -5 -5 -------- Run | Yrd Mat Min Mat Min Exi Min Mat Gar Mat Fac Sto Rec Scr Fac Upp Upp War Total Allies 35 | . . 3 . 2 . . 1 2 2 1 10 8 . 2 2 2 . Largest Group 13 | . . 3 3 2 2 . 1 3 3 1 10 13 13 1 2 4 4 Highest-Rated Group 209 | . . 40 40 44 44 . 10 74 30 10 173 209 209 26 59 138 138 Highest-Rated Ally 49 | . . 16 16 31 31 . 10 39 10 10 29 34 34 26 30 49 49 Initial UFD Resources 53 | . . . . . . . . . . . . . . 37 53 53 53 Initial Warlord ECA Mod 5 | . . . . . . . . . 5 4 4 4 4 . . . . Total Orders 7 | . . . . . . . . . . . 2 2 1 . . . 2 STAY 3 | . . . . . . . . . . . 1 1 . . . . 1 FOLLOW 3 | . . . . . . . . . . . 1 1 . . . . 1 GUARD 1 | . . . . . . . . . . . . . 1 . . . . Ally Attacks 170 | . . . 29 3 . . . 29 . . 41 . 43 . . 24 1 Total Damage 2401 | . . . 259 63 . . . 512 . . 584 . 688 . . 275 20 Kills 26 | . . . 4 1 . . . 8 . . 5 . 5 . . 3 . Allies Corrupted . | . . . . . . . . . . . . . . . . . . Allies Melted 1 | . . . . . . . . . . . . . 1 . . . . Intel | -11 -10 -10 -9 -9 -9 -8 -8 -8 -8 -7 -7 -7 -7 -5 -5 -5 -5 ------- Run | Yrd Mat Min Mat Min Exi Min Mat Gar Mat Fac Sto Rec Scr Fac Upp Upp War Active Infowar (turns) 16220 | 19 812 449 1154 564 387 630 1002 824 611 771 917 662 1113 3026 879 753 1647 Sensors 13753 | . . . . 531 387 630 1002 824 611 771 917 662 1113 3026 879 753 1647 Seismic 3406 | 19 812 449 1154 564 387 21 . . . . . . . . . . . Machine Analysis 634 | . 431 203 . . . . . . . . . . . . . . . Jamming 540 | . . . . . . . . . . 540 . . . . . . . Robot Analysis Total 17 | . 3 . 3 . . . 2 . . . 1 . 6 2 . . . Derelict Logs Recovered 5 | . . 1 . 1 . . . . . . . . . . 2 1 . Drone Launches . | . . . . . . . . . . . . . . . . . . Drone Recoveries . | . . . . . . . . . . . . . . . . . . Exploration | -11 -10 -10 -9 -9 -9 -8 -8 -8 -8 -7 -7 -7 -7 -5 -5 -5 -5 ------------- Run | Yrd Mat Min Mat Min Exi Min Mat Gar Mat Fac Sto Rec Scr Fac Upp Upp War Turns Passed 16267 | 63 812 449 1154 564 387 630 1002 824 611 771 917 662 1113 3029 879 753 1647 Spaces Moved 11899 | 49 567 405 724 498 387 525 674 643 442 658 662 550 808 2009 733 614 951 Core 30 | 9 . . . . . . . 21 . . . . . . . . . Treads 224 | 13 2 4 10 1 . 32 1 9 22 . 63 51 . 4 3 9 . Legs . | . . . . . . . . . . . . . . . . . . Wheels 11645 | 27 565 401 714 497 387 493 673 613 420 658 599 499 808 2005 730 605 951 Hover . | . . . . . . . . . . . . . . . . . . Flight . | . . . . . . . . . . . . . . . . . . Fastest Speed 50 | 50 80 80 95 100 100 85 85 85 85 85 85 85 85 85 100 100 100 Average Speed 93 | 98 80 90 99 100 100 93 85 88 88 89 92 91 85 96 100 101 101 Slowest Speed 250 | 160 160 160 160 160 100 160 160 200 160 100 160 160 85 250 170 170 115 Overloaded Moves . | . . . . . . . . . . . . . . . . . . Propulsion Burnouts . | . . . . . . . . . . . . . . . . . . Robots Hopped . | . . . . . . . . . . . . . . . . . . Potential Cave-ins 2 | . . . . . . . 2 . . . . . . . . . . Cave-ins Triggered . | . . . . . . . . . . . . . . . . . . Exploration Rate (%) 73 | 3 91 92 82 88 88 89 82 88 48 24 80 87 60 58 88 85 88 Regions Visited 17 Branch Regions 10 Pre-discovered Areas 25 | . 2 . 6 1 . . 2 . 1 . 3 6 . 3 1 . . Known Exits Taken 15 | . 1 1 1 1 1 1 1 . 1 1 1 1 1 1 1 1 . Unknown Exits Taken 1 | 1 . . . . . . . . . . . . . . . . . Scrap Searched 21 | . . 3 . 2 . 2 . . . . . . 5 . 5 4 . Spaces Dug 78 | . 14 . . . . . 5 . . 8 5 2 22 22 . . . Terrain Destroyed 352 | . 53 . . . . . 16 33 7 24 13 6 64 78 31 22 5 Melee . | . . . . . . . . . . . . . . . . . . Projectile 192 | . . . . . . . 16 . 7 13 13 6 3 77 30 22 5 AOE 158 | . 53 . . . . . . 33 . 11 . . 61 . . . . Terrain Rammed . | . . . . . . . . . . . . . . . . . . Walls Destroyed . | . . . . . . . . . . . . . . . . . . Machines Disabled . | . . . . . . . . . . . . . . . . . . Actions | -11 -10 -10 -9 -9 -9 -8 -8 -8 -8 -7 -7 -7 -7 -5 -5 -5 -5 --------- Run | Yrd Mat Min Mat Min Exi Min Mat Gar Mat Fac Sto Rec Scr Fac Upp Upp War Total 15753 | 56 756 459 1011 544 386 592 962 791 558 779 901 674 1218 2922 830 706 1608 Wait 2532 | . 67 16 164 31 . 10 161 43 21 54 170 54 391 649 43 46 612 Move 11880 | 48 566 404 723 497 386 524 673 640 441 657 661 549 807 2008 732 613 951 Hop . | . . . . . . . . . . . . . . . . . . Pick Up 19 | . 1 2 . . . 1 1 . 1 3 1 . 1 7 . 1 . Fast Attach 73 | 6 6 2 7 1 . 1 5 . 1 4 5 2 3 22 . . 8 Attach 3 | . . . . . . . . . . 1 . . . 1 1 . . Detach 1 | . . . . . . . . . . . . . . 1 . . . Swap 43 | . 2 3 5 1 . 4 4 5 1 . . . 3 11 . 2 2 Drop 74 | . 3 5 9 . . 3 6 2 . 5 5 . 4 25 . . 7 Fire 665 | 2 83 14 64 8 . 29 70 63 47 36 39 15 9 125 26 22 13 Melee . | . . . . . . . . . . . . . . . . . . Ram . | . . . . . . . . . . . . . . . . . . Kick . | . . . . . . . . . . . . . . . . . . Crush 28 | . . . . . . 8 1 . 9 2 . . . 4 . . 4 Escape Stasis 4 | . . . . . . . . 4 . . . . . . . . . Rewire 63 | . . . . . . . . 5 . . . 48 . . 8 2 . Trap . | . . . . . . . . . . . . . . . . . . Miscellaneous 368 | . 28 13 39 6 . 12 41 29 37 17 20 6 . 69 20 20 11 Route ------- -11/Scrapyard -10/Materials (discovered 5 exits: *Mat x3 / *Min x2) -10/Mines (discovered 3 exits: *Mat x2 / [*Sub]) -9/Materials (discovered 3 exits: *Mat x2 / *Min) -9/Mines (discovered 3 exits: *Mat x2 / *Exi) -9/Exiles -8/Mines -8/Materials (discovered 4 exits: *Fac x3 / Gar) -8/Garrison (discovered 3 exits: *Mat x3) -8/Materials (discovered 3 exits: *Fac x3) -7/Factory (discovered 3 exits: *Sto x2 / [*Low]) -7/Storage (discovered 2 exits: *Fac / *Rec) -7/Recycling (discovered 2 exits: *Fac / *Scr) -7/Scraptown -5/Factory (discovered 5 exits: *Fac x3 / *Upp x2) -5/Upper Caves -5/Upper Caves (discovered 2 exits: *Fac / *War) -5/Warlord (discovered 1 exit: *Pro) History --------- Turn | Location | Event 1 | -11/Scrapyard | Upgraded with Propulsion slot (x1) 1 | -11/Scrapyard | Upgraded with Utility slot (x1) 1 | -11/Scrapyard | Upgraded with Weapon slot (x1) 14 | -11/Scrapyard | Discovered new exit (range 15) 64 | -11/Scrapyard | Entered Materials 104 | -10/Materials | Discovered new exit (range 6) 165 | -10/Materials | Core integrity fell below 50% 222 | -10/Materials | Discovered new exit (range 11) 229 | -10/Materials | Identified exit to Mines 312 | -10/Materials | Build established: Mutant 325 | -10/Materials | Reached level 2 380 | -10/Materials | Discovered new exit (range 16) 441 | -10/Materials | Upgraded with Utility slot (x1) 441 | -10/Materials | Upgraded with Weapon slot (x1) 442 | -10/Materials | Identified exit to Materials 532 | -10/Materials | Discovered exit to Materials (range 16) 564 | -10/Materials | Derelicts attacked the area 617 | -10/Materials | Discovered exit to Materials (range 15) 724 | -10/Materials | Learned 2 Storage zone layouts 796 | -10/Materials | Learned location of 2 exits from Subcaves 819 | -10/Materials | Learned Storage interactive machine intel 835 | -10/Materials | Learned Storage trap positions 876 | -10/Materials | Entered Mines 878 | -10/Mines | Reached level 3 914 | -10/Mines | Received a Rocket Launcher from a helpful Derelict 916 | -10/Mines | Build established: Gunner 952 | -10/Mines | Upgraded with Propulsion slot (x1) 1162 | -10/Mines | Learned location of 1 exit from Materials 1173 | -10/Mines | Assisted by bots powering up and referring to "LRC-V3" 1224 | -10/Mines | Discovered new exit (range 13) 1325 | -10/Mines | Entered Materials 1325 | -9/Materials | Accompanied by 3 allies 1326 | -9/Materials | Identified exit to Mines 1327 | -9/Materials | Reached level 4 1367 | -9/Materials | Build established: Scavenger-Gunner 1369 | -9/Materials | Reached level 5 1467 | -9/Materials | Upgraded with Utility slot (x2) 1643 | -9/Materials | Reached level 6 1822 | -9/Materials | Identified exit to Materials 1861 | -9/Materials | Learned Storage terminal intel 1888 | -9/Materials | Learned Storage stockpile data 1908 | -9/Materials | Learned 2 Storage zone layouts 1909 | -9/Materials | Loaded intel: 14 trap records 1942 | -9/Materials | Learned Storage emergency access door positions 1951 | -9/Materials | Reached level 7 2167 | -9/Materials | Build established: Hacker-Gunner 2263 | -9/Materials | Learned location of Mines (-8) 2304 | -9/Materials | Learned location of 2 exits from Materials 2353 | -9/Materials | Learned location of 2 exits from Materials 2362 | -9/Materials | Learned location of 2 exits from Materials 2410 | -9/Materials | Learned Storage garrison access intel 2479 | -9/Materials | Entered Mines 2481 | -9/Mines | Reached level 8 2503 | -9/Mines | Met a Derelict bent on vengeance 2510 | -9/Mines | Found a damaged Exp. Sensor Array with a note attached 2512 | -9/Mines | Found Prototype Device 2512 | -9/Mines | Identified Exp. Sensor Array 2560 | -9/Mines | Discovered exit to Materials (range 13) 2728 | -9/Mines | Discovered exit to Materials (range 16) 2818 | -9/Mines | Learned location of Zion (-6) 3010 | -9/Mines | Deemed a non-threat by the Exiles lab entrance 3010 | -9/Mines | Discovered new exit (range 5) 3013 | -9/Mines | Identified exit to Exiles 3043 | -9/Mines | Entered Exiles 3043 | -9/Exiles | Found Exiles lab abandoned 3043 | -9/Exiles | Accompanied by 2 allies 3073 | -9/Exiles | Led the pair of lost Derelicts to a safe place 3418 | -9/Exiles | Discovered new exit (range 14) 3429 | -9/Exiles | Identified exit to Mines 3430 | -9/Exiles | Entered Mines 3593 | -8/Mines | Reached level 9 3636 | -8/Mines | Found DCF Scrap (14 items) 3854 | -8/Mines | Discovered exit to Materials (range 8) 4060 | -8/Mines | Entered Materials 4061 | -8/Materials | Identified exit to Factory 4062 | -8/Materials | Reached level 10 4122 | -8/Materials | Reached level 11 4240 | -8/Materials | Core integrity fell below 50% 4299 | -8/Materials | Central database locked down 4346 | -8/Materials | Garrison activated, responded to threat 4427 | -8/Materials | Reached level 12 4474 | -8/Materials | Destroyed 7 combat bots 4641 | -8/Materials | Learned Factory recycling unit intel 4673 | -8/Materials | Learned location of 1 exit from Extension 4679 | -8/Materials | Upgraded with Weapon slot (x1) 4706 | -8/Materials | Learned Storage security intel 4711 | -8/Materials | Learned 4 Lower Caves zone layouts 4729 | -8/Materials | Learned Storage stockpile data 4752 | -8/Materials | Learned Factory trap positions 4879 | -8/Materials | Destroyed 7 combat bots 4906 | -8/Materials | Learned Factory emergency access door positions 4907 | -8/Materials | Identified exit to Garrison 4984 | -8/Materials | Learned Factory terminal intel 5018 | -8/Materials | Learned location of 1 exit from Storage 5021 | -8/Materials | Learned 4 Factory zone layouts 5062 | -8/Materials | Learned 4 Recycling zone layouts 5062 | -8/Materials | Entered Garrison 5062 | -8/Garrison | Accompanied by 1 ally 5086 | -8/Garrison | Triggered checkpoint 5106 | -8/Garrison | Reached level 13 5144 | -8/Garrison | Garrison Relay disabled 5260 | -8/Garrison | Triggered checkpoint 5260 | -8/Garrison | Triggered checkpoint 5280 | -8/Garrison | Triggered checkpoint 5303 | -8/Garrison | Destroyed 10 combat bots 5316 | -8/Garrison | Garrison Relay disabled 5333 | -8/Garrison | Discovered new exit (range 10) 5340 | -8/Garrison | Triggered checkpoint 5367 | -8/Garrison | Garrison Relay disabled 5395 | -8/Garrison | Identified exit to Materials 5402 | -8/Garrison | Attempted to access garrison exit controls, blocked by remote lockdown 5489 | -8/Garrison | Discovered exit to Materials (range 13) 5556 | -8/Garrison | Triggered checkpoint 5628 | -8/Garrison | Destroyed 7 combat bots 5665 | -8/Garrison | Discovered exit to Materials (range 7) 5706 | -8/Garrison | Triggered checkpoint 5737 | -8/Garrison | Reached level 14 5768 | -8/Garrison | Attempted to access garrison exit controls, blocked by remote lockdown 5886 | -8/Garrison | Entered Materials 5886 | -8/Materials | Accompanied by 1 ally 6049 | -8/Materials | Upgraded with Utility slot (x2) 6196 | -8/Materials | Watched by a mysterious "MATRIX" hacker 6239 | -8/Materials | Garrison activated, responded to threat 6286 | -8/Materials | First assault squad dispatched 6300 | -8/Materials | Learned 4 Lower Caves zone layouts 6377 | -8/Materials | Learned location of 1 exit from Recycling 6443 | -8/Materials | Learned Factory garrison access intel 6497 | -8/Materials | Entered Factory 6498 | -7/Factory | Identified exit to Storage 6499 | -7/Factory | Reached level 15 6500 | -7/Factory | Loaded intel: 90 trap records 6502 | -7/Factory | Loaded intel: 26 terminal locations 6503 | -7/Factory | Loaded intel: 6 recycling unit locations 6504 | -7/Factory | Loaded intel: 4 garrison access locations 6524 | -7/Factory | Discovered new exit (range 12) 6683 | -7/Factory | Upgraded with Utility slot (x1) 7131 | -7/Factory | Reached level 16 7171 | -7/Factory | Fabricated Adv. System Shield (x1) 7268 | -7/Factory | Entered Storage 7269 | -7/Storage | Identified exit to Recycling 7270 | -7/Storage | Identified exit to Factory 7272 | -7/Storage | Loaded intel: 13 trap records 7276 | -7/Storage | Loaded intel: 18 interactive machine locations 7277 | -7/Storage | Loaded intel: 15 terminal locations 7278 | -7/Storage | Loaded intel: 1 garrison access location 7399 | -7/Storage | Central database locked down 7404 | -7/Storage | Assisted by bots powering up and referring to "LRC-V3" 7700 | -7/Storage | Build established: Commander-Gunner 7779 | -7/Storage | Learned location of Lower Caves (-6) 7831 | -7/Storage | Learned location of Proximity Caves (-5) 7874 | -7/Storage | Learned location of 2 exits from Proximity Caves 7885 | -7/Storage | Used back door to open Recycling access 7906 | -7/Storage | Learned location of Upper Caves (-4) 7930 | -7/Storage | Learned 8 Factory zone layouts 7942 | -7/Storage | Learned Factory stockpile data 7966 | -7/Storage | Learned location of 1 exit from Extension 8001 | -7/Storage | Learned location of 1 exit from Proximity Caves 8025 | -7/Storage | Build established: Hacker-Gunner 8185 | -7/Storage | Entered Recycling 8185 | -7/Recycling | Accompanied by 5 allies 8186 | -7/Recycling | Identified exit to Scraptown 8187 | -7/Recycling | Identified exit to Factory 8187 | -7/Recycling | Reached level 17 8316 | -7/Recycling | Upgraded with Utility slot (x1) 8749 | -7/Recycling | Learned Factory fabricator intel 8780 | -7/Recycling | Scanned before Scraplab entrance 8792 | -7/Recycling | Entered Scraplab 8800 | -7/Recycling | Learned location of 1 exit from Extension 8841 | -7/Recycling | Learned 4 Upper Caves zone layouts 8847 | -7/Recycling | Entered Scraptown 8847 | -7/Scraptown | Accompanied by 13 allies 8847 | -7/Scraptown | System corruption cleaned by C-Scrubber 8895 | -7/Scraptown | Build established: Commander-Gunner 8960 | -7/Scraptown | Visited UFD Registry 8960 | -7/Scraptown | Registered with UFD as "Quantumbrain" 8973 | -7/Scraptown | Visited Science Testing Area 8986 | -7/Scraptown | Visited Comm Corps 8994 | -7/Scraptown | Visited The Evicted 8999 | -7/Scraptown | Visited Junk Repository 9014 | -7/Scraptown | Visited Cyclists 9020 | -7/Scraptown | Entered Cyclist Reading Room 9042 | -7/Scraptown | Visited Assassins FH 9054 | -7/Scraptown | Visited CR-KLE's Repair Center 9060 | -7/Scraptown | CR-KLE repaired 1 part 9097 | -7/Scraptown | Visited Junk Repository 9111 | -7/Scraptown | Visited Sword Containment 9175 | -7/Scraptown | Visited Curators Association 9189 | -7/Scraptown | Visited Analyses Database 9214 | -7/Scraptown | Visited Infowarlord's Domain 9221 | -7/Scraptown | Found Exp. Signal Interpreter 9236 | -7/Scraptown | Visited Observation Area 9250 | -7/Scraptown | Visited Abandonware Association 9259 | -7/Scraptown | Learned abandonware demo "HACKBUD.EXE" 9259 | -7/Scraptown | Learned abandonware demo "REPAIR.EXE" 9281 | -7/Scraptown | Visited DA-N13 Charitable Foundation 9288 | -7/Scraptown | Found DCF Scrap (28 items) 9426 | -7/Scraptown | Discovered exit to Factory (range 5) 9496 | -7/Scraptown | Met Optimus 9496 | -7/Scraptown | Accepted into 0bPrime 9896 | -7/Scraptown | Civil war broke out across Scraptown 9896 | -7/Scraptown | Attached CPS modules to CP-WKY 9960 | -7/Scraptown | Entered Factory 9960 | -5/Factory | Accompanied by 1 ally 9961 | -5/Factory | Identified exit to Factory 9962 | -5/Factory | Reached level 18 9963 | -5/Factory | Loaded intel: 6 fabricator locations 9970 | -5/Factory | Destroyed 10 combat bots 9970 | -5/Factory | Upgraded with Utility slot (x1) 9978 | -5/Factory | Lost 11 allies 9981 | -5/Factory | Found Unknown Device 9981 | -5/Factory | Identified Launcher Loader 10025 | -5/Factory | Tech Extrapolator generated special schematic: Deep Structural Scanner 10196 | -5/Factory | Build established: Hacker-Gunner 10379 | -5/Factory | Reached level 19 10424 | -5/Factory | Loaded intel: 8 recycling unit locations 10436 | -5/Factory | Learned location of Protoforge (-2) 11246 | -5/Factory | Learned 4 Extension zone layouts 11274 | -5/Factory | Targeted by mysterious "MATRIX" hacker 11292 | -5/Factory | Learned 12 Factory zone layouts 11351 | -5/Factory | Identified exit to Upper Caves 11387 | -5/Factory | Learned Armory garrison access intel 11419 | -5/Factory | Fabricated Imp. System Restoration Module? 11421 | -5/Factory | Learned Research garrison access intel 11434 | -5/Factory | Tech Extrapolator generated special schematic: Machine Rigger 11451 | -5/Factory | Repaired Broken Hvy. Phase Cannon? 11738 | -5/Factory | Tech Extrapolator generated special schematic: Energy Deflector 11741 | -5/Factory | P-70 Sage assimilated allied Technician 6a 11741 | -5/Factory | Reached level 20 12134 | -5/Factory | Discovered exit to Upper Caves (range 14) 12245 | -5/Factory | Discovered exit to Factory (range 14) 12304 | -5/Factory | Learned location of 1 exit from Armory 12457 | -5/Factory | Learned Armory emergency access door positions 12490 | -5/Factory | Learned location of Proximity Caves (-3) 12535 | -5/Factory | Learned 2 Extension zone layouts 12591 | -5/Factory | Learned location of 1 exit from Research 12633 | -5/Factory | Reached level 21 12989 | -5/Factory | Entered Upper Caves 13026 | -5/Upper Caves | Found DCF Scrap (13 items) 13058 | -5/Upper Caves | Entered an active Warlord outpost 13070 | -5/Upper Caves | Learned Factory trap positions 13070 | -5/Upper Caves | Learned Research terminal intel 13208 | -5/Upper Caves | Upgraded with Utility slot (x1) 13317 | -5/Upper Caves | Reached level 22 13321 | -5/Upper Caves | Attracted the attention of an 0b10 checkpoint 13411 | -5/Upper Caves | Attracted the attention of an 0b10 outpost 13451 | -5/Upper Caves | Identified exit to Upper Caves 13455 | -5/Upper Caves | Destroyed 7 combat bots 13868 | -5/Upper Caves | Entered another Upper Caves area 13868 | -5/Upper Caves | Accompanied by 2 allies 13935 | -5/Upper Caves | Discovered exit to Factory (range 17) 14110 | -5/Upper Caves | Attracted the attention of an 0b10 checkpoint 14321 | -5/Upper Caves | Attracted the attention of an 0b10 outpost 14366 | -5/Upper Caves | Destroyed 12 combat bots 14461 | -5/Upper Caves | Discovered new exit (range 9) 14475 | -5/Upper Caves | Identified exit to Warlord 14505 | -5/Upper Caves | Learned location of 1 exit from Factory 14621 | -5/Upper Caves | Entered Warlord 14621 | -5/Warlord | Accompanied by 4 allies 15143 | -5/Warlord | Rebuked by Warlord 15143 | -5/Warlord | Reached level 23 15156 | -5/Warlord | Warlord's base attacked by MAIN.C 15399 | -5/Warlord | Upgraded with Power slot (x1) 15401 | -5/Warlord | Found Prototype Reactor 15401 | -5/Warlord | Identified Vortex Chain Reactor 15416 | -5/Warlord | Found Prototype Device 15416 | -5/Warlord | Identified Exp. Focal Shield 15422 | -5/Warlord | Found Prototype Hackware 15422 | -5/Warlord | Identified System Mapper 15426 | -5/Warlord | Found Prototype Processor 15426 | -5/Warlord | Identified Exp. Core Analyzer 15506 | -5/Warlord | Warlord forces counterattacked 15650 | -5/Warlord | Opened side exit 15678 | -5/Warlord | Build established: Wizard-Gunner 15831 | -5/Warlord | Warlord base infiltrated, sounded retreat 16044 | -5/Warlord | Lost 4 allies 16113 | -5/Warlord | Spotted Executioner 16125 | -5/Warlord | Spotted Executioner 16165 | -5/Warlord | Discovered new exit (range 16) 16165 | -5/Warlord | Spotted Executioner 16168 | -5/Warlord | Destroyed Executioner 16198 | -5/Warlord | Lost 10 allies 16200 | -5/Warlord | Identified exit to Proximity Caves 16256 | -5/Warlord | Spotted B-75 Beast 16256 | -5/Warlord | Spotted Striker 16256 | -5/Warlord | Spotted B-86 Titan 16256 | -5/Warlord | Spotted Striker 16260 | -5/Warlord | Core integrity fell below 50% 16263 | -5/Warlord | Core integrity fell below 20% 16268 | -5/Warlord | Destroyed by B-75 Beast with Magnetic Acceleration Cannon Last Messages --------------- arriving soon. 16256_ ANNOUNCEMENT: Detected 1 Grunt squad, 1 Behemoth squad, 1 Melee squad, 1 Swarmer squad, with prototype support. 16256_ Critical hit (Meltdown: +310). 16256_ Knocked back. 16257_ Upgraded: Heat Dissipation (+6) 16257_ Slug penetrates B-75 Beast. 16257_ HV Slug penetrates B-75 Beast. 16257_ HV Slug penetrates B-86 Titan. 16257_ B-86 Titan suffers critical hit (Destroy). 16257_ Slug penetrates S-43 Plague. 16260_ Slammed into B-75 Beast. 16261_ Arm. Medium Treads blasted off. 16262_ The unstable cave ceiling collapses. 16262_ Acquired Arm. Medium Treads. 16263_ Upgraded: Core Integrity (+300) 16263_ Slammed into B-75 Beast. 16266_ The unstable cave ceiling collapses. 16267_ Slammed into B-75 Beast. 16268_ Striker suffers critical hit (Burn). Map ----- +----------------------------------------------------+ | | | | | | | | | | | | | | | | | | | | | ???????????????????????????????? | | ???????????????????????????????? | | ???????????????????????????????? | | #??????????????????????????????? | | #############??????????????????? | | #??????????????????? | | %%"#?????????????????? | | ########## #??????????????????? | | ?????????# ^#??????????????????? | | ?????????# #??????????????????? | | ?????????# #??????????????????? | | ?????????# #??????????????##### | | ????????## ##????????##### l | | ???????## #???????##%s%g%g | | ???????# #??????## sKsb# | | ???????# ##?????## %@BBBB = | | ???????# ??????# KsBBBBx% | | ???????# ??????# sb[%##[# | | ???????## ?????# g %# # | | ????????##" "????# [ # # | | ?????????##" "?### % =# ## | | ?????????# "" "## # !*= #####? | | ?????????# " " ""; *% # " #?? | | ??????????### =! / "##? | | ????????????## ##; *;#; "#? | | ?????????????## ; ; #? | | ??????????????##; ; ; #? | | ???????????????#; ; "#? | | ??###??????????## * "#? | | ### #######???# # ]%] ##" "#? | | "" #?####[# %=%= ## #? | | == # ### =!! [ ##? | | ]=]!* ][* "[ # # ##! = # # | | %% % = %##%##% [ # # | | %%=% *=* % [=# # %%= %%% % # | | %!= =%%% =% %%%%%% [# ## | | =% %* = %%%= %%%! = # | | %%==%[ !* #! # # | | =%!=]]% = # ##%% ## # | | =!! [ = "!* # # | +----------------------------------------------------+ Best States ------------- Heat Dissipation 91 Energy Generation 60 Energy Capacity 750 Matter Stores 550 Matter Capacity 550 Sight Range 17 Robot Scan Range 20 Terrain Scan Density 10 Jamming Range 12 Armor Coverage 225 Resistance: KI 5 Resistance: TH 5 Weapon Cycling 20 Evasion (%) 44 Targeting Accuracy 22 Core Analysis 8 Recoil Reduction 2 Offensive Hacking 35 Defensive Hacking 40 Authchip Count 3 Item Schematics ----------------- Target Analyzer | -8/Materials | Extracted Reaction Control System | -8/Materials | Extracted Imp. Signal Interpreter | -8/Materials | Extracted Missile Launcher | -8/Materials | Extracted Field Laser | -8/Materials | Extracted Med. Armor Plating | -8/Materials | Extracted Imp. Sensor Array | -8/Materials | Extracted Adv. Targeting Computer | -8/Materials | Extracted EM Pulse Cannon | -8/Materials | Extracted Seismic Detector | -8/Materials | Extracted Imp. Transmission Jammer | -7/Factory | Hacked Adv. System Shield | -7/Factory | Hacked Hrd. Heavy Armor Plating | -7/Storage | Hacked System Restoration Module | -7/Recycling | Hacked Deep Structural Scanner | -5/Factory | Extrapolated Hvy. Siege Treads | -5/Factory | Hacked Mapping Drone Bay | -5/Factory | Extrapolated Com. HERF Cannon | -5/Factory | Hacked Helical Railgun | -5/Factory | Hacked Imp. System Restoration Module | -5/Factory | Hacked 0b10 Decoder Chip [Skirmisher] | -5/Factory | Extrapolated Machine Rigger | -5/Factory | Extrapolated Mak. Coolant Network | -5/Factory | Extrapolated Mak. Sensor Array | -5/Factory | Extrapolated Energy Deflector | -5/Factory | Extrapolated Mak. Light Armor Plating | -5/Factory | Extrapolated Mak. System Shield | -5/Factory | Extrapolated Mak. System Restoration Module | -5/Factory | Extrapolated 0b10 Decoder Chip [Generic] | -5/Factory | Extrapolated 0b10 Decoder Chip [Scout] | -5/Factory | Extrapolated Multitool | -5/Factory | Extrapolated Mak. Salvage Targeting Computer | -5/Upper Caves | Extrapolated Mak. Targeting Computer | -5/Upper Caves | Extrapolated Mak. Medium Armor Plating | -5/Upper Caves | Extrapolated Mak. Ablative Armor | -5/Upper Caves | Extrapolated Imp. Arc Thrower | -5/Upper Caves | Extrapolated Hvy. Beamcaster | -5/Upper Caves | Extrapolated Enh. Flamer | -5/Upper Caves | Extrapolated Spk. Medium Treads | -5/Upper Caves | Extrapolated Mak. Heavy Armor Plating | -5/Warlord | Extrapolated Mak. Thermal Plating | -5/Warlord | Extrapolated Mak. Hammer | -5/Warlord | Extrapolated Mak. Hacking Suite | -5/Warlord | Extrapolated Arc Thrower | -5/Warlord | Extrapolated Spk. Heavy Treads | -5/Warlord | Extrapolated Mak. Kinetic Plating | -5/Warlord | Extrapolated Mak. Flight Unit | -5/Warlord | Extrapolated Robot Schematics ------------------ None Fabricated ------------ Adv. System Shield | x1 | -7/Factory Imp. System Restoration Module | x2 | -5/Factory | Authchip Repaired ---------- Hvy. Phase Cannon | 95% | -5/Factory | Broken Studied --------- Wheel | -9/Materials | Hacked Hvy. Assault Rifle | -9/Materials | Hacked Hvy. Particle Cannon | -8/Materials | Hacked KE Penetrator | -5/Factory | Hacked Alien Tech Used ----------------- None Achievements -------------- Protector Challenges ------------ None RPGLIKE | -11 -10 -10 -9 -9 -9 -8 -8 -8 -8 -7 -7 -7 -7 -5 -5 -5 -5 --------- Run | Yrd Mat Min Mat Min Exi Min Mat Gar Mat Fac Sto Rec Scr Fac Upp Upp War Levels Raised 22 | . 1 1 4 1 . 1 3 2 . 2 . 1 . 4 1 . 1 XP Earned 36343 | 3000 2950 1200 5885 924 139 2250 4221 2089 852 2115 1194 698 210 6058 1157 852 549 XP Spent 34000 | 2550 1650 1700 3400 . . 5600 1100 . 4700 2300 . 2600 . 4150 3200 . 1050 Upgrades 55 | 7 3 3 7 . . 18 1 . 3 1 . 1 . 2 1 . 8 Power Slot 1 | . . . . . . . . . . . . . . . . . 1 Propulsion Slot 2 | 1 . 1 . . . . . . . . . . . . . . . Utility Slot 10 | 1 1 . 2 . . . . . 2 1 . 1 . 1 1 . . Weapon Slot 3 | 1 1 . . . . . 1 . . . . . . . . . . Core Integrity 6 | . . . . . . . . . . . . . . . . . 6 Heat Dissipation 11 | . 1 . 4 . . 5 . . . . . . . . . . 1 Energy Generation 1 | . . . . . . 1 . . . . . . . . . . . Energy Storage 1 | . . . . . . 1 . . . . . . . . . . . Matter Storage 1 | . . . . . . 1 . . . . . . . . . . . Mass Support 2 | . . . . . . 2 . . . . . . . . . . . Inventory Capacity 5 | 1 . 1 . . . 1 . . 1 . . . . 1 . . . Sight Range 1 | . . . . . . 1 . . . . . . . . . . . Ranged Accuracy 2 | 1 . . . . . 1 . . . . . . . . . . . Hack Attack % 3 | 1 . 1 . . . 1 . . . . . . . . . . . Hack Defense % 3 | 1 . . 1 . . 1 . . . . . . . . . . . KI Resistance % 1 | . . . . . . 1 . . . . . . . . . . . TH Resistance % 1 | . . . . . . 1 . . . . . . . . . . . KI Damage % 1 | . . . . . . 1 . . . . . . . . . . . Protomatter Created 4741 | . 320 97 381 46 . 106 506 302 531 318 464 96 265 552 270 426 61 Integrity Restored 7343 | . 588 291 742 102 . 251 912 596 669 307 374 112 . 1451 417 339 192 Core 5420 | . 588 261 407 51 . 195 751 508 360 214 215 86 . 1160 241 191 192 Parts 1923 | . . 30 335 51 . 56 161 88 309 93 159 26 . 291 176 148 . Protomatter Decayed 3480 | . 131 . 179 10 . 17 97 200 100 128 405 58 1045 197 34 211 668 Game ------ Seed AnalysisShiftSplitter Manual? 0 Play Time 02:52:33 Cumulative 379.8 hours Start 2026.07.03 @ 09:49:00 End 2026.07.03 @ 14:23:12 Sessions 1 Manual Loads 0 Difficulty Rogue Special Mode Winter2019/RPGLIKE Game No. 153 Rogue 105 Adventurer 44 Explorer 4 Win Type - Total 11 Types 4/3/0/1/1/1/0/1/0/0 Lore% 82 Gallery% 69 Achievement% 57 Wizard Run 0 Options --------- Layout 0 ASCII 0 Keyboard 0 Movement Arrows Keybinds 0 Fullscreen 2 Font 18/SmallcapsGlow Map View 76x50 Zoom Use 0% Tactical HUD 1 Map Filters NONE Filters NONE Steam 1 RUN: 8cf61efd-7fd8-4b35-aeaf-f85337c11918